 Dungeon Crawl Stone Soup version 0.20.1-1-g8b1a95d (webtiles) character file.

45999 Haldmier the Severer (level 14, -1/110 HPs)
             Began as a Formicid Abyssal Knight on Oct 20, 2017.
             Was the Champion of Lugonu.
             Killed from afar by a deep elf mage (27 damage)
             ... with a bolt of lightning
             ... on level 2 of the Elven Halls.
             The game lasted 01:49:26 (25337 turns).

Haldmier the Severer (Formicid Abyssal Knight)     Turns: 25337, Time: 01:49:27

Health: -1/110     AC:  8    Str: 21    XL:     14   Next: 74%
Magic:  0/21       EV: 11    Int: 15    God:    Lugonu [******]
Gold:   1335       SH: 13    Dex: 10    Spells: 13/13 levels left

rFire    . . .     SeeInvis +   s - +1 war axe (vamp)
rCold    + . .     Gourm    .   z - +0 shield
rNeg     . . .     Faith    .   a - +2 robe {rF+}
rPois    +         Spirit   +   (helmet unavailable)
rElec    .         Reflect  .   y - scarf {Spirit}
rCorr    .         Harm     .   B - +2 pair of gloves
MR       ++...                  E - +0 pair of boots
Stlth    +.........             i - amulet of regeneration
Regen    0.7/turn               e - ring of Xom's Amusement {Ice *Contam +Inv rPois Int+2}
MPRegen  0.2/turn               A - ring of protection from magic

@: no status effects
A: permanent stasis, dig shafts and tunnels, four strong arms, antennae 3
a: Dig, Shaft Self, Depart the Abyss, Bend Space, Banish, Corrupt, Enter the
Abyss, Brand Weapon With Distortion, Renounce Religion, Evoke Invisibility


You were on level 2 of the Elven Halls.
You worshipped Lugonu.
Lugonu was exalted by your worship.
You were not hungry.

You visited 5 branches of the dungeon, and saw 19 of its levels.
You visited the Abyss 1 time.

You collected 2114 gold pieces.
You spent 779 gold pieces at shops.

Inventory:

Hand Weapons
 f - a +5 battleaxe of pain
 s - a +1 vampiric war axe (weapon)
Missiles
 b - 57 arrows
 g - 5 javelins
 l - 13 tomahawks (quivered)
Armour
 a - a +2 robe of fire resistance (worn)
 y - a scarf of spirit shield (worn)
 z - a +0 shield (worn)
 B - a +2 pair of gloves (worn)
 E - a +0 pair of boots (worn)
 R - a +2 robe of positive energy
 V - a +4 ring mail of poison resistance
Jewellery
 e - the ring of Xom's Amusement (left hand) {Ice *Contam +Inv rPois Int+2}
   (You found it on level 1 of the Lair of Beasts)

   [ring of ice]

   It enhances your ice magic.
   It affects your intelligence (+2).
   It makes you vulnerable to fire.
   It protects you from cold.
   It protects you from poison.
   It lets you turn invisible.
   It causes magical contamination when unequipped.
 i - an amulet of regeneration (around neck)
 n - an uncursed amulet of rage {unknown}
 A - a ring of protection from magic (right hand)
Wands
 o - a wand of polymorph (8/24)
 p - a wand of flame (20/48)
 q - a wand of lightning (4/15)
 F - a wand of iceblast (11/15)
 I - a wand of digging (11/24)
 U - a wand of acid (0/15)
Scrolls
 m - a scroll of identify
 x - 2 scrolls of immolation
 C - 2 scrolls of magic mapping
 D - 4 scrolls of remove curse
 P - a scroll of fog
Potions
 h - 3 potions of curing
 j - 2 potions of flight
 L - 2 potions of agility
 N - 3 potions of heal wounds
 Q - a potion of resistance
 X - 2 potions of magic
 Z - a potion of lignification
Miscellaneous
 J - a sack of spiders
 K - a lightning rod (3/4)
 Y - a lamp of fire (inert)
Comestibles
 c - 13 bread rations
 d - 22 fruits
 k - 5 meat rations
 M - 3 royal jellies


   Skills:
 - Level 10.0 Fighting
 - Level 16.8 Axes
 - Level 2.1 Armour
 - Level 0.8 Dodging
 + Level 13.2 Shields
 - Level 10.0 Invocations
 - Level 6.0 Evocations


You had 13 spell levels left.
You didn't know any spells.

Dungeon Overview and Level Annotations

Branches:
Dungeon (11/15)            Temple (1/1) D:5            Lair (3/6) D:8
    Orc (2/2) D:11            Elf (2/3) Orc:2
  Swamp: Lair:2-4    Shoals: Lair:2-4     Snake: Lair:2-4    Spider: Lair:2-4

Altars:
Ashenzari
Cheibriados
Dithmenos
Elyvilon
Fedhas
Gozag
Hepliaklqana
Kikubaaqudgha
Makhleb
Nemelex Xobeh
Okawaru
Qazlal
Ru
Sif Muna
Trog
Uskayaw
Vehumet
Xom
Yredelemnul
Zin
The Shining One
Beogh

Shops:
D:10 *?}   D:11 [([   Orc:2 !(:!   Elf:1 :

Annotations:
D:7 Death yak, exclusion: downstairs
Elf:1 corrupted


Innate Abilities, Weirdness & Mutations

You cannot be hasted, slowed, berserked, paralysed or teleported.
You can dig through walls and to a lower floor.
Your four strong arms can wield two-handed weapons with a shield.
You have a pair of large antennae on your head. (SInv)


Message History

You slash the deep elf mage!
You feel better.
The deep elf mage is moderately wounded.
You block the deep elf mage's attack.
You barely miss the deep elf mage.
The deep elf mage is lightly wounded.
You slash the deep elf mage!
The deep elf mage is heavily wounded.
The deep elf mage gestures at you while chanting.
The bolt of lightning hits you!
* * * LOW HITPOINT WARNING * * *
The bolt of lightning hits you!
* * * LOW HITPOINT WARNING * * *
Okay, then.
Unknown command.
You don't have enough magic at the moment.
Unknown command.
You feel much better.
The deep elf mage points at you and mumbles some strange words.
The bolt of lightning misses you. The bolt of lightning hits you!
You die...

* ** ,** #########
.,* #.......#
..##########.......#
§.'...e....'.......#
.###########...⌠...#
** #...e@.<# **
#.......# ,**
#.......# *,**
##+###### **,** *,*
**,** *,* **,** *,*
* **,** *,* * **,**
*,*


You could see a deep elf mage.

Vanquished Creatures
  A deep elf demonologist (Elf:1)
  The ghost of Irenicus the Champion of Chaos, a journeyman DDMo of Makhleb (Orc:1)
  Erica (D:9)
  Erolcha (Orc:2)
  An ogre mage (Orc:2)
  3 death yaks
  6 two-headed ogres
  A dancing weapon (Elf:1)
  2 deep elf knights
  The ghost of Irenicus the Grappler, a novice DDTm of Makhleb (D:8)
  An unseen horror (D:9)
  A deep elf archer (Elf:1)
  9 deep elf magi
  An ugly thing (D:11)
  2 cyclopes
  9 orc sorcerers
  A manticore (D:11)
  3 elephants (Lair:3)
  5 spiny frogs
  2 komodo dragons
  A rime drake (Lair:3)
  The ghost of Agrougrou the Cudgeler, an amateur OgGl (D:4)
  5 trolls
  4 hornets
  A polar bear (Lair:3)
  4 hippogriffs
  A water elemental (Elf:1)
  12 spriggans (Lair:3)
  31 yaks
  A spriggan (shapeshifter) (D:11)
  A wyvern (Lair:3)
  2 wraiths
  A shadow (D:11)
  4 hogs (D:8)
  A human (D:8)
  A hungry ghost (D:11)
  3 basilisks
  A steam dragon (D:10)
  2 insubstantial wisps (D:10)
  2 wargs (Orc:2)
  An acid dragon (D:11)
  Duvessa (D:4)
  5 water moccasins
  5 porcupines
  9 orc warriors
  2 ice beasts
  9 sky beasts
  2 phantoms
  2 necrophages
  3 boggarts (Lair:3)
  An eye of draining (D:9)
  12 ogres
  9 centaurs
  3 wolves
  9 crocodiles
  A big kobold (D:9)
  8 bullfrogs
  An earth elemental (Elf:1)
  Dowan (D:4)
  A water moccasin zombie (D:11)
  5 scorpions
  A water moccasin skeleton (D:6)
  5 killer bees (D:11)
  2 crimson imps
  10 howler monkeys
  2 centaur zombies
  3 gnoll shamans
  6 orc priests
  Crazy Yiuf (D:3)
  3 centaur skeletons
  4 hounds
  5 jellies
  Jessica (D:3)
  Natasha (thrice) (D:3)
  25 orc wizards
  5 iguanas
  10 worker ants
  A killer bee zombie (D:6)
  3 hound zombies
  3 hound skeletons
  A worker ant zombie (D:6)
  Robin (D:2)
  23 gnolls
  A howler monkey zombie (D:6)
  13 adders
  3 shadow imps
  2 oozes (D:4)
  An adder zombie (D:8)
  4 adder skeletons
  2 worms
  A dart slug (D:1)
  5 leopard geckos
  61 orcs
  4 giant cockroaches
  9 hobgoblins
  6 jackals
  2 quokkas
  3 ball pythons
  7 bats
  4 frilled lizards
  13 goblins
  A jackal skeleton (D:5)
  13 kobolds
  A quokka skeleton (D:8)
  3 quokka zombies (D:6)
  10 rats
  A plant (Lair:2)
509 creatures vanquished.

Vanquished Creatures (others)
  Kirke (Elf:1)
  Aizul (Elf:1)
  A deep elf death mage (Elf:1)
  2 deep elf knights (Elf:1)
  A deep elf archer (Elf:1)
  A deep elf mage (Elf:1)
  A black mamba (Lair:2)
  4 hogs (Elf:1)
  A howler monkey (D:7)
  2 orc wizards (Orc:2)
  3 fungi
  13 starspawn tentacles (Elf:1)
31 creatures vanquished.

Grand Total: 540 creatures vanquished

Notes
Turn   | Place    | Note
-------+----------+-------------------------------------------
     0 | Abyss:1  | Haldmier the Formicid Abyssal Knight began the quest for the Orb.
     0 | Abyss:1  | Reached XP level 1. HP: 18/18 MP: 2/2
    13 | D:1      | Escaped the Abyss
   232 | D:1      | Reached XP level 2. HP: 18/24 MP: 3/3
   745 | D:1      | Reached XP level 3. HP: 29/29 MP: 4/4
   777 | D:1      | Reached ** piety under Lugonu
  1181 | D:1      | Reached skill level 3 in Axes
  1355 | D:2      | Found a shattered altar of Ashenzari.
  1416 | D:2      | Found a burning altar of Makhleb.
  1562 | D:2      | Found a snail-covered altar of Cheibriados.
  1728 | D:2      | Noticed Robin
  1744 | D:2      | Killed Robin
  1744 | D:2      | Reached XP level 4. HP: 36/37 MP: 6/6
  1849 | D:2      | Found a blossoming altar of Fedhas.
  1855 | D:2      | Found a radiant altar of Vehumet.
  2046 | D:3      | Noticed Natasha
  2059 | D:3      | Killed Natasha
  2059 | D:3      | Reached XP level 5. HP: 23/42 MP: 7/7
  2606 | D:3      | Noticed Jessica
  2610 | D:3      | Killed Jessica
  3025 | D:3      | Reached skill level 4 in Axes
  3044 | D:3      | HP: 1/43 [orc wizard/magic dart (6)]
  3049 | D:3      | Reached XP level 6. HP: 5/49 MP: 9/9
  3402 | D:3      | Found a faded altar of an unknown god.
  3488 | D:3      | Reached *** piety under Lugonu
  3993 | D:3      | Noticed Natasha
  3997 | D:3      | Killed Natasha
  4122 | D:3      | Noticed Natasha
  4129 | D:3      | Killed Natasha
  4129 | D:3      | Reached skill level 5 in Fighting
  4214 | D:3      | Found a runed door.
  4218 | D:3      | Noticed Crazy Yiuf
  4223 | D:3      | Killed Crazy Yiuf
  4223 | D:3      | Reached XP level 7. HP: 56/56 MP: 10/10
  4385 | D:4      | Reached skill level 5 in Invocations
  4386 | D:4      | Noticed Agrougrou's ghost (amateur OgGl)
  4402 | D:4      | Killed Agrougrou's ghost
  4564 | D:4      | Reached XP level 8. HP: 53/65 MP: 12/12
  5333 | D:4      | Noticed Duvessa
  5334 | D:4      | Noticed Dowan
  5345 | D:4      | Killed Duvessa
  5384 | D:4      | Killed Dowan
  5881 | D:4      | Found a sparkling altar of Nemelex Xobeh.
  6171 | D:5      | Entered Level 5 of the Dungeon
  6285 | D:5      | Reached XP level 9. HP: 69/74 MP: 15/15
  6374 | D:5      | Found a blossoming altar of Fedhas.
  6409 | D:5      | Found a staircase to the Ecumenical Temple.
  6417 | Temple   | Entered the Ecumenical Temple
  6731 | D:5      | Reached skill level 1 in Evocations
  7008 | D:5      | Reached **** piety under Lugonu
  7346 | D:5      | Reached skill level 5 in Axes
  9506 | D:7      | Reached skill level 6 in Axes
 10028 | D:8      | Reached XP level 10. HP: 48/83 MP: 15/17
 10179 | D:8      | Noticed a death yak
 10196 | D:8      | Noticed a death yak
 10480 | D:8      | Reached skill level 7 in Axes
 10503 | D:8      | Found a staircase to the Lair.
 10503 | D:8      | Noticed a two-headed ogre
 10516 | D:8      | HP: 4/83 [two-headed ogre/giant club (6)]
 10659 | D:8      | Noticed a two-headed ogre
 10814 | D:7      | Killed a two-headed ogre
 10876 | D:8      | Noticed a two-headed ogre
 10877 | D:8      | Noticed a death yak
 11791 | D:9      | Reached skill level 10 in Invocations
 11791 | D:9      | Reached skill level 5 in Evocations
 11857 | D:9      | Noticed an unseen horror
 11887 | D:9      | Killed an unseen horror
 11887 | D:9      | Reached skill level 10 in Fighting
 11887 | D:9      | Reached skill level 8 in Axes
 12028 | D:9      | Noticed a two-headed ogre
 12148 | D:8      | Reached XP level 11. HP: 51/90 MP: 18/18
 12156 | D:8      | Reached skill level 9 in Axes
 12300 | D:8      | Noticed Irenicus's ghost (novice DDTm)
 12339 | D:8      | Killed Irenicus's ghost
 12449 | D:8      | Reached ***** piety under Lugonu
 12600 | D:8      | Killed a two-headed ogre
 12600 | D:8      | Reached skill level 10 in Axes
 12697 | Lair:1   | Entered Level 1 of the Lair of Beasts
 12697 | Lair:1   | Found a radiant altar of Vehumet.
 12923 | Lair:1   | Got a flickering tin ring
 12925 | Lair:1   | Identified the ring of Xom's Amusement {Ice *Contam +Inv rPois Int+2} (You found it on level 1 of the Lair of Beasts)
 13268 | Lair:1   | Reached skill level 11 in Axes
 14000 | Lair:1   | You fall through a shaft!
 14452 | Lair:1   | Reached skill level 12 in Axes
 15056 | Lair:2   | Reached XP level 12. HP: 81/97 MP: 15/19
 15411 | Lair:2   | Reached skill level 13 in Axes
 16314 | Lair:3   | Noticed a spriggan rider
 16331 | Lair:3   | Reached skill level 14 in Axes
 16548 | Lair:3   | Reached skill level 1 in Shields
 16668 | Lair:3   | Noticed a spriggan rider
 16905 | Lair:3   | Noticed a spriggan rider
 17577 | Lair:2   | Reached XP level 13. HP: 63/103 MP: 11/20
 17717 | D:8      | Reached skill level 15 in Axes
 18364 | D:9      | Noticed Erica
 18376 | D:9      | Killed Erica
 18488 | D:9      | Found a sacrificial altar of Ru.
 18605 | D:9      | Reached skill level 16 in Axes
 18917 | D:10     | Entered Level 10 of the Dungeon
 19336 | D:10     | Found Mudeubus's General Store.
 19352 | D:10     | Bought 2 potions of agility for 120 gold pieces
 19352 | D:10     | Bought a potion of resistance for 150 gold pieces
 19408 | D:10     | Found Ythraeff's Magic Scroll Emporium.
 19790 | D:10     | Found Ciliej's Gadget Boutique.
 19935 | D:11     | Reached skill level 5 in Shields
 20496 | D:11     | Found Dar Petisoy's Antique Armour Boutique.
 20529 | D:11     | Reached ****** piety under Lugonu
 20554 | D:11     | Bought a glowing buckler for 247 gold pieces
 20630 | D:11     | Found a staircase to the Orcish Mines.
 20760 | D:11     | Found Querrerch's Weapon Boutique.
 20766 | D:11     | Found Qeocu's Antique Armour Shoppe.
 20852 | D:11     | Bought a +1 vampiric war axe for 262 gold pieces
 21153 | D:11     | Reached XP level 14. HP: 110/110 MP: 18/21
 21678 | Orc:1    | Entered Level 1 of the Orcish Mines
 21678 | Orc:1    | Noticed Irenicus's ghost (journeyman DDMo)
 21718 | Orc:1    | Killed Irenicus's ghost
 22073 | Orc:2    | Entered Level 2 of the Orcish Mines
 22576 | Orc:2    | Found a staircase to the Elven Halls.
 22936 | Orc:2    | Reached skill level 10 in Shields
 23111 | Orc:2    | Found an ancient bone altar of Kikubaaqudgha.
 23204 | Orc:2    | Found Mizuereh's Book Shoppe.
 23295 | Orc:2    | Noticed Erolcha
 23394 | Orc:2    | Found a radiant altar of Vehumet.
 23400 | Orc:2    | Killed Erolcha
 23449 | Orc:2    | Found a roughly hewn altar of Beogh.
 23449 | Orc:2    | Found Reigairo's Antique Weapon Shoppe.
 23544 | Orc:2    | Found Olod's Distillery.
 23626 | Orc:2    | Found Xutiti's Distillery.
 23854 | Elf:1    | Entered Level 1 of the Elven Halls
 24088 | Elf:1    | Noticed a deep elf demonologist
 24103 | Elf:1    | Killed a deep elf demonologist
 24696 | Elf:1    | Noticed Aizul
 24700 | Elf:1    | Corrupted Elf:1
 24700 | Elf:1    | Noticed a tentacled starspawn
 24700 | Elf:1    | Noticed a deep elf elementalist
 24700 | Elf:1    | Noticed a starcursed mass
 24700 | Elf:1    | Noticed a starcursed mass
 24700 | Elf:1    | Noticed a tentacled starspawn
 24702 | Elf:1    | Noticed a tentacled starspawn
 24703 | Elf:1    | Noticed a tentacled starspawn
 24713 | Elf:1    | Killed Aizul
 24732 | Elf:1    | Noticed a tentacled starspawn
 24738 | Elf:1    | Killed Kirke
 24907 | Elf:1    | Found Daptogey's Book Boutique.
 25336 | Elf:2    | HP: 5/110 [deep elf mage/bolt of lightning (22)]
 25337 | Elf:2    | Killed from afar by a deep elf mage

Skill      XL: |  1  2  3  4  5  6  7  8  9 10 11 12 13 14 |
---------------+-------------------------------------------+-----
Axes           | 3 4 6 8 12 14 16 | 16.8
Invocations    | 3 4 6 8 9 10 | 10.0
Fighting       | 4 5 6 8 9 10 | 10.0
Evocations     | 3 5 6 |  6.0
Shields        | 4 7 13 | 13.2
Armour         | |  2.1
Dodging        | |  0.8

Action                   |  1- 3 |  4- 6 |  7- 9 | 10-12 | 13-15 || total
-------------------------+-------+-------+-------+-------+-------++-------
Melee: Hand axe          |    92 |   163 |       |       |       ||   255
       War axe           |       |    36 |    41 |    23 |   558 ||   658
       Short sword       |       |    15 |   169 |    78 |       ||   262
       Battleaxe         |       |       |   202 |   619 |   383 ||  1204
       Unarmed           |       |       |     2 |       |       ||     2
 Fire: Hunting sling     |     1 |    19 |       |       |       ||    20
       Hand crossbow     |       |       |       |     7 |       ||     7
Throw: Tomahawk          |       |       |       |     4 |     3 ||     7
Invok: Bend Space        |       |     1 |       |     5 |     9 ||    15
       Banish            |       |       |       |     3 |       ||     3
       Corrupt           |       |       |       |       |     1 ||     1
 Abil: Dig               |       |       |       |       |     1 ||     1
Evoke: Wand              |       |       |       |     7 |     8 ||    15
       Lightning rod     |       |       |       |     4 |     1 ||     5
       Lamp of fire      |       |       |       |       |     1 ||     1
       Sack of spiders   |       |       |       |       |     1 ||     1
  Use: Potion            |       |     3 |     1 |     1 |     2 ||     7
       Scroll            |       |       |    16 |     1 |     6 ||    23
  Eat: Chunk             |     3 |     7 |    18 |    24 |    27 ||    79
       Royal jelly       |       |       |     1 |       |     3 ||     4
       Fruit             |       |       |       |     2 |       ||     2
Armor: Leather armour    |    18 |       |       |       |       ||    18
       Chain mail        |    20 |   107 |   334 |    14 |       ||   475
       Plate armour      |       |       |       |   464 |    53 ||   517
       Ring mail         |       |       |       |       |   139 ||   139
       Robe              |       |       |       |       |    32 ||    32
       Skin              |       |       |       |       |     2 ||     2
Dodge: Dodged            |    63 |    61 |   169 |   201 |   197 ||   691
Block: Buckler           |       |       |       |    14 |    33 ||    47
       Shield            |       |       |       |       |   230 ||   230
